[Event "MMK 2013, Krakow"]
[Site "?"]
[Date "2013.08.08"]
[Round "1.2"]
[White "Abdumalik, Zhansaya"]
[Black "Lewtak, Damian"]
[Result "1/2-1/2"]
[ECO "B34"]
[WhiteElo "2265"]
[BlackElo "2265"]
[PlyCount "50"]
[EventDate "2013.??.??"]
[TimeControl "4200+2195"]

1. e4 c5 2. Nf3 Nc6 3. d4 cxd4 4. Nxd4 Nf6 5. Nc3 e5 6. Ndb5 h6 7. Nd5 Nxd5 8.
Qxd5 d6 9. Be3 Be6 10. Qd2 a6 11. Nc3 Be7 12. Be2 Rg8 13. Rg1 Rh8 14. Rh1 {O-O
O-O} Rc8 {Kh1} 15. Bg5 {[%emt 9:30:35] Rad1 Bxe3 fxe3} Qb6 16. b3 Qb4 17. Bd3 {
[%emt 1:16:57] Ne7 Ne2 Qxd2 Rxd2} b5 {Ng3 d5} 18. a4 {dxe4 Bxe4} bxa4 19. bxa4
{Rc4 Ra1} Rb8 {Kg1} 20. a5 {[%emt 2:28:33] Bd3 Rcc8 Ne4} f5 {Nd6 Rd8} 21. Bb5
Bd5 {Nc4} 22. Bc4 Bxc4 {Kf8} 23. Rd1 {Rxd2 Rxd2} g6 {[%emt 15:09:11] Rd6 Rc8
Rf6+ Kg7 Rf7+ Kh8 Be6 Rc7 Kf1 [%clk 0:01:32]} 24. f4 exf4 {[%emt 0:37:04] exf4
c4 Ra7 Bd5 Rc7 Be6 Ra7 c5 Rb7 [%clk 0:01:47]} 25. Kf2 {[%emt 3:06:03] Rb2+ Kf3
Nc6 Rxf4 Rc2} Rf8 {[%emt 0:35:00] Kg7 Rf7+ Kh8 Ke4 Rxc5 Bd5 Nb4 Rf8+ Kg7 [%clk
0:04:18] Rf7+ [%clk 0:01:11] Kh8 [%clk 0:04:43] Be6 [%clk 0:01:17] Nc6 [%clk 0:
04:31] Rf8+ [%clk 0:00:43] Kg7 [%clk 0:04:56] Rf7+ [%clk 0:01:10] Kh8 [%clk 0:
05:20] Rf8+ [%clk 0:00:44] Kg7 [%clk 0:05:44]} 1/2-1/2